 Dungeon Crawl Stone Soup version 0.31.0-12-g77e489cdc1 (webtiles) character file.

Game seed: 14105683495400458274

98702 firemarshallily the Eclecticist (level 15, -11/122 HPs)
             Began as a Demonspawn Summoner on Feb 10, 2024.
             Was a High Priest of Sif Muna.
             Killed by the raging water
             ... invoked by a water nymph
              (25 damage)
             ... on level 1 of the Shoals on Feb 14, 2024.
             The game lasted 02:41:48 (28852 turns).

firemarshallily the Eclecticist (DsSu)             Turns: 28852, Time: 02:41:49

Health: -11/122    AC: 13    Str: 14    XL:     15   Next: 75%
Magic:  30/35      EV: 16    Int: 27    God:    Sif Muna [*****.]
Gold:   657        SH:  0    Dex: 13    Spells: 5/46 levels left

rFire   + + .        o - +5 halberd (freeze)
rCold   + . .        (shield currently unavailable)
rNeg    + . .        e - +2 robe {rN+}
rPois   .            v - +2 helmet
rElec   +            c - +2 cloak
rCorr   +            (gloves unavailable)
SInv    .            B - +2 pair of boots
Will    +....        S - amulet of Vitality {RegenMP++ Regen++}
Stlth   +            V - ring of Vumum {Fly rElec rCorr Int+6 Stlth-}
HPRegen 2.00/turn    f - ring of Xom's Best Wishes {rF++ rC+ Str+3}
MPRegen 1.04/turn

%: repel missiles
@: marked, forested, unable to call your familiar, flying, studying Ice Magic
A: claws 3, repulsion field 3, foul stench 1, powered by pain 2
a: Renounce Religion, Channel Magic, Forget Spell, Divine Exegesis


You were on level 1 of the Shoals.
You worshipped Sif Muna.
Sif Muna was extremely pleased with you.
You visited 5 branches of the dungeon, and saw 23 of its levels.
You also visited: Sewer, Gauntlet and Ice Cave.

You collected 2434 gold pieces.
You spent 1777 gold pieces at shops.

Inventory:

Hand Weapons
 o - a +5 halberd of freezing (weapon)
Missiles
 q - 46 poisoned darts (quivered)
 K - 16 javelins
 M - a throwing net
 Q - 3 curare-tipped darts
Armour
 c - a +2 cloak (worn)
 e - a +2 robe of positive energy (worn)
 v - a +2 helmet (worn)
 B - a +2 pair of boots (worn)
 D - a +2 robe of fire resistance
 G - a +2 robe of willpower
Jewellery
 f - the ring of Xom's Best Wishes (right claw) {rF++ rC+ Str+3}
   (You acquired it on level 4 of the Dungeon)

   [ring of protection from cold]

   Str+3:     It affects your strength (+3).
   rF++:      It greatly protects you from fire.
   rC+:       It protects you from cold.
 r - the ring "Ighith" {rF++ rC- MP+9 Str+2 Int+3}
   (You found it on level 5 of the Lair of Beasts)

   [ring of magical power]

   Str+2:     It affects your strength (+2).
   Int+3:     It affects your intelligence (+3).
   rF++:      It greatly protects you from fire.
   rC-:       It makes you vulnerable to cold.
   MP+9:      It affects your magic capacity (+9).
 O - a ring of poison resistance
 S - the amulet of Vitality (around neck) {RegenMP++ Regen++}
   (You found it on level 5 of the Lair of Beasts)

   [amulet of magic regeneration]

   RegenMP:   It increases your rate of magic regeneration.
   Regen++:   It increases your rate of health regeneration.
 V - the ring of Vumum (left claw) {Fly rElec rCorr Int+6 Stlth-}
   (You found it in a Gauntlet)

   [ring of intelligence]

   Int+6:     It affects your intelligence (+6).
   rElec:     It insulates you from electricity.
   Fly:       It grants you flight.
   rCorr:     It protects you from acid and corrosion.
   Stlth-:    It makes you less stealthy.
 W - the ring of the Jackalope {Fly rF+ Str-5 Dex+5}
   (You found it in a Gauntlet)

   [ring of flight]

   Str-5:     It affects your strength (-5).
   Dex+5:     It affects your dexterity (+5).
   rF+:       It protects you from fire.
   Fly:       It grants you flight.
 Z - a ring of positive energy
Wands
 i - a wand of charming (14)
 s - a wand of flame (33)
 w - a wand of polymorph (18)
 I - a wand of acid (7)
 L - a wand of iceblast (17)
 P - a wand of digging (8)
Scrolls
 a - a scroll of summoning
 d - 6 scrolls of vulnerability
 g - 5 scrolls of fog
 h - 5 scrolls of teleportation
 k - a scroll of revelation
 m - 2 scrolls of torment
 p - 5 scrolls of fear
 x - a scroll of blinking
 y - 5 scrolls of poison
 C - 2 scrolls of silence
 H - a scroll of enchant armour
 T - 2 scrolls of immolation
Potions
 b - a potion of magic
 j - 2 potions of lignification
 n - 5 potions of might
 t - 9 potions of brilliance
 u - 5 potions of enlightenment
 z - a potion of attraction
 A - 5 potions of heal wounds
 E - 4 potions of resistance
 F - 2 potions of curing
 J - 4 potions of haste
 N - a potion of cancellation
 X - 2 potions of invisibility
 Y - 2 potions of mutation
Miscellaneous
 l - a lightning rod (4/4)
 R - a tin of tremorstones (2/2)
 U - a phantom mirror


   Skills:
 + Level 12.4 Fighting
 - Level 10.3 Polearms
 - Level 1.7 Dodging
 - Level 1.7 Stealth
 * Level 16.2 Spellcasting
 * Level 15.7 Summonings
 - Level 3.0 Necromancy
 - Level 4.0 Invocations


You had 5 spell levels left.
You knew the following spells:

 Your Spells              Type           Power      Damage    Failure   Level
a - Summon Small Mammal   Summ           100%       N/A       0%          1
b - Call Imp              Summ           100%       N/A       0%          2
c - Call Canine Familiar  Summ           82%        N/A       0%          3
d - Necrotise             Necr           100%       1d9       1%          1
e - Summon Lightning Spi  Summ/Air       59%        N/A       1%          4
f - Summon Blazeheart Go  Fire/Summ      59%        N/A       1%          4
g - Summon Forest         Summ/Tloc      29%        N/A       2%          5
h - Summon Mana Viper     Hex/Summ       59%        N/A       2%          5
i - Summon Ice Beast      Ice/Summ       59%        N/A       1%          3
j - Monstrous Menagerie   Summ           41%        N/A       3%          7
k - Summon Cactus Giant   Summ           41%        N/A       1%          6

Your spell library contained the following spells:

 Spells                   Type           Power      Damage    Failure   Level
 Sublimation of Blood     Necr           38%        N/A       1%          2
 Animate Armour           Summ/Erth      100%       N/A       1%          4
 Martyr's Knell           Necr/Summ      64%        N/A       1%          4
 Apportation              Tloc           42%        N/A       2%          1
 Freeze                   Ice            84%        1d9       2%          1
 Magic Dart               Conj           84%        1d7       2%          1
 Sandblast                Erth           42%        2d11      2%          1
 Shock                    Conj/Air       84%        1d8       2%          1
 Sting                    Conj/Alch      84%        1d8       2%          1
 Cigotuvi's Dreadful Rot  Necr/Alch/Air  54%        N/A       2%          2
 Blink                    Tloc           42%        N/A       3%          2
 Lesser Beckoning         Tloc           42%        N/A       3%          2
 Mercury Vapours          Alch/Air       42%        N/A       3%          2
 Momentum Strike          Conj/Tloc      42%        3d9       3%          2
 Static Discharge         Conj/Air       42%        3-5/arc   3%          2
 Dazzling Flash           Conj/Hex       42%        N/A       7%          3
 Mephitic Cloud           Conj/Alch/Air  21%        N/A       7%          3
 Passwall                 Erth           21%        N/A       7%          3
 Stone Arrow              Conj/Erth      42%        3d9       7%          3
 Swiftness                Air            21%        N/A       7%          3
 Volatile Blastmotes      Fire/Tloc      42%        2d13      7%          3
 Animate Dead             Necr           38%        N/A       7%          4
 Dispel Undead            Necr           38%        3d16      7%          4
 Curse of Agony           Necr           38%        N/A       19%         5
 Airstrike                Air            10%        2d(2-18)  22%         4
 Brom's Barrelling Bould  Conj/Erth      21%        2d4       22%         4
 Dimensional Bullseye     Hex/Tloc       10%        N/A       22%         4
 Flame Wave               Conj/Fire      21%        2d8       22%         4
 Ignite Poison            Fire/Alch      21%        N/A       22%         4
 Iskenderun's Mystic Bla  Conj/Tloc      21%        2d6       22%         4
 Petrify                  Alch/Erth      21%        N/A       22%         4
 Sticky Flame             Fire/Alch      21%        2d6       22%         4
 Borgnjor's Vile Clutch   Necr/Erth      14%        N/A       34%         5
 Freezing Cloud           Conj/Ice/Air   10%        6-21      54%         5
 Irradiate                Conj/Alch      10%        3d15      54%         5
 Lee's Rapid Deconstruct  Erth           10%        3d8*      54%         5
 Silence                  Hex/Air        10%        N/A       54%         5
 Haunt                    Necr/Summ      32%        N/A       38%         7
 Death Channel            Necr           19%        N/A       71%         6
 Dispersal                Tloc           10%        N/A       98%         6
 Eringya's Noxious Bog    Alch           10%        4d6       98%         6
 Sculpt Simulacrum        Ice/Alch       10%        N/A       98%         6
 Starburst                Conj/Fire      10%        6d5       98%         6
 Disjunction              Tloc           10%        N/A       100%        8
 Lehudib's Crystal Spear  Conj/Erth      10%        10d4      100%        8
 Maxwell's Capacitive Co  Air            10%        ∞         100%        8
 Chain Lightning          Conj/Air       10%        3d14      100%        9
 Fire Storm               Conj/Fire      10%        8d3       100%        9
 Shatter                  Erth           10%        3d12*     100%        9


Dungeon Overview and Level Annotations

Branches:
Dungeon (14/15)            Temple (1/1) D:7            Lair (5/5) D:8
 Shoals (1/4) Lair:3       Spider (0/4) Lair:3        Slime (0/5) Lair:5
    Orc (2/2) D:9             Elf (0/3) Orc:2        Vaults (0/5) D:14
  Sewer (visited)           IceCv (visited)         Gauntlet (visited)

Altars:
Ashenzari
Cheibriados
Dithmenos
Fedhas
Gozag
Hepliaklqana
Kikubaaqudgha
Makhleb
Nemelex Xobeh
Okawaru
Qazlal
Ru
Sif Muna
Trog
Uskayaw
Vehumet
Wu Jian
Xom
Yredelemnul

Shops:
D:4 (   D:5 ?   D:10 [:   Orc:2 (*:[   Shoals:1 *

Annotations:
D:14 3 runed translucent doors, Pios Xaciraj's ghost, journeyman DgHW
Lair:1 2 transporters, brilapsti's ghost, journeyman TrFi
Shoals:1 1 runed translucent door, sasquatch's ghost, adept FoFi


Innate Abilities, Weirdness & Mutations

You have claws for hands.
You are surrounded by a strong repulsion field. (EV +4, RMsl)
You may rarely emit foul miasma when damaged in melee.
You sometimes gain power by taking damage.


Message History

The merfolk hits you from afar with a +0 trident!
* * * LOW HITPOINT WARNING * * *
The merfolk impaler hits your manticore with a +0 war axe!!
Your manticore dies!
Your manticore's corpse disappears in a puff of smoke!
The merfolk impaler hits your inugami with a +0 war axe.
Your inugami dies!
Your inugami disappears in a puff of smoke!
You feel much better. Branches wave dangerously above you.
The harpy is no longer moving slowly.
The harpy misses you. The harpy claws you.
The harpy claws you but does no damage. The harpy claws you! x2
* * * LOW HITPOINT WARNING * * *
You focus on the pain.
You feel your power returning. The harpy barely misses you.
Your snaplasher vine loses its grip on the snapping turtle.
The vine drags the snapping turtle backwards!
Your snaplasher vine grabs the snapping turtle.
Your snaplasher vine hits the snapping turtle but does no damage.
Your snaplasher vine constricts the snapping turtle.
The merfolk impaler throws a stone.
The stone hits your blazeheart golem!
Your dryad hits the merfolk.
The merfolk hits you from afar with a +0 trident.
* * * LOW HITPOINT WARNING * * *
The snapping turtle barely misses your snaplasher vine.
The merfolk throws a boomerang.
The boomerang is repelled.
The harpy claws you!
* * * LOW HITPOINT WARNING * * *
The harpy closely misses you.
Your magical contamination has completely faded away.
Blink to where?
Press: ? - help, Dir - move target, p - merfolk
As you read the scroll of blinking, it crumbles to dust.
Your surroundings suddenly seem different.
A water nymph comes into view.
Found a leather armour and 7 stones.
The water nymph shouts!
The water nymph casts a spell at you. The water rises up and strikes you!!
You die...

...~~~~~~.###.
..~~~~≈~~.###.~m~~~~~~
..~~~≈≈~~.##..~~~~~~~ ~
.~~~≈≈≈~~~...~~~~~.. ~~
~~~~≈≈≈~~~~~..~~~..##.~~
~~~≈≈≈≈≈~~~~~~~~~.....~~
~~≈≈≈≈≈~~~~~~.~~~~[..~~~
~~≈≈≈≈≈~~~~~~~~~.~~~~~~~
.~~≈≈≈≈~~~~~~~..@~~~~~~~
.~~≈≈≈≈~~~~..###.~~~~~~≈
...~~≈≈≈~~ #.....~~≈
~..~~≈≈~~ ..~....~~
....~~≈~~ ~~(.###.~
....~~≈~~ ~~~~.# ~
.~~~~≈≈≈~ ~~~~.#
.~~~~≈≈≈~ ~~~~...
~~~≈≈≈≈≈≈


You could see a water nymph.

Vanquished Creatures
  2 hydras
  2 centaur warriors
  3 boulder beetles
  5 two-headed ogres
  Urug (D:10)
  A death yak (Lair:4)
  A skyshark (Lair:5)
  A fire crab (Lair:4)
  A goliath frog (Lair:5)
  A sea snake (Shoals:1)
  A harpy (Shoals:1)
  A deep elf pyromancer (D:14)
  A lindwurm (Lair:3)
  An ugly thing (D:12)
  3 cyclopes
  A faun (Shoals:1)
  Maurice (D:7)
  4 elephants
  2 manticores
  A kobold blastminer (Orc:1)
  A black mamba (Lair:5)
  A merfolk siren (Shoals:1)
  A molten gargoyle (Lair:1)
  3 unseen horrors
  11 cane toads
  4 rime drakes
  8 komodo dragons
  2 freezing wraiths (IceCv)
  2 trolls
  A queen bee (D:14)
  A hornet (D:11)
  15 blink frogs
  A tyrant leech (Lair:5)
  A slime creature (D:13)
  A shadow (D:10)
  A wyvern (Lair:4)
  A wraith (Lair:3)
  A vampire (D:10)
  2 basilisks (D:8)
  11 yaks
  A warg (Orc:1)
  A fire elemental (Lair:1)
  A steam dragon (D:7)
  3 vampire mosquitoes (D:12)
  An acid dragon (D:12)
  3 water moccasins
  2 black bears (D:5)
  6 orc warriors
  2 ice beasts
  A laughing skull (D:13)
  4 ogres (Orc:2)
  3 centaurs
  8 wolves
  2 phantoms
  3 kobold brigands (D:9)
  5 bullfrogs
  2 gnoll sergeants (D:9)
  2 scorpions
  10 wights
  A cane toad simulacrum (IceCv)
  12 killer bees
  2 vampire bats (D:8)
  A nameless horror (Lair:5)
  An electric eel (D:13)
  A bombardier beetle (D:5)
  2 jellies
  A sleepcap (D:5)
  3 orc priests
  A gnoll bouda (D:7)
  A hound (D:5)
  2 iguanas (D:4)
  4 hell rats (Lair:5)
  7 orc wizards
  Robin (D:4)
  13 adders
  9 gnolls
  2 river rats (Sewer)
  A ribbon worm (D:2)
  14 orcs
  A bat (D:2)
  A bat skeleton (D:8)
  2 bat zombies (D:8)
  4 endoplasms
  4 giant cockroaches
  5 goblins (D:4)
  6 hobgoblins
  A jackal (D:2)
  2 quokkas (D:5)
  7 ball pythons
  3 kobolds (D:9)
  5 rats
283 creatures vanquished.

Vanquished Creatures (collateral kills)
  Gastronok (D:9)
  An ettin (Orc:1)
  Josephine (Lair:3)
  7 hydras
  4 ogre magi (Orc:2)
  A ghost crab (Gauntlet)
  3 centaur warriors (D:13)
  4 boulder beetles (D:13)
  A merfolk aquamancer (Shoals:1)
  10 two-headed ogres (Orc:2)
  A death yak (Lair:5)
  2 skysharks
  A fire crab (Lair:4)
  A sea snake (Shoals:1)
  A deep elf pyromancer (D:13)
  2 harpies (Shoals:1)
  A necromancer (IceCv)
  An orc knight (D:14)
  An orc sorcerer (Orc:1)
  2 fauns (Shoals:1)
  A manticore (D:14)
  3 meliai (D:14)
  2 cyclopes (D:14)
  A black mamba (Lair:3)
  2 elephants (Lair:5)
  2 torpor snails
  11 cane toads
  An ice statue (IceCv)
  An unseen horror (D:12)
  6 rime drakes
  2 gargoyles
  3 kobold demonologists (D:12)
  An efreet (D:13)
  3 komodo dragons
  12 ice devils (IceCv)
  An anaconda simulacrum (IceCv)
  4 freezing wraiths (IceCv)
  5 trolls
  A polar bear (Lair:4)
  2 nameless horrors
  A merfolk (Shoals:1)
  A tyrant leech (Lair:5)
  14 blink frogs
  3 slime creatures (D:13)
  A snapping turtle (Shoals:1)
  2 vampires
  4 water elementals
  A centaur simulacrum (D:14)
  3 wraiths
  9 yaks
  A dire elephant simulacrum (IceCv)
  2 wyverns
  14 vampire mosquitoes
  A basilisk (Lair:4)
  6 death yak simulacra (IceCv)
  3 harpy simulacra (IceCv)
  4 acid dragons
  4 water moccasins
  5 orc warriors
  A laughing skull (D:13)
  22 ogres
  11 wolves
  2 centaurs
  4 kobold brigands
  Blork the orc (D:4)
  14 bullfrogs
  A two-headed ogre simulacrum (IceCv)
  2 cane toad simulacra (IceCv)
  A gnoll sergeant (D:9)
  2 scorpions (Lair:3)
  5 wights
  3 elephant simulacra (IceCv)
  25 killer bees
  A howler monkey (D:13)
  6 orc priests
  Crazy Yiuf (D:3)
  A bombardier beetle (D:5)
  3 jellies (Lair:5)
  3 hounds
  Jessica (D:2)
  A gnoll bouda (D:10)
  Ijyb (D:3)
  7 orc wizards
  A spriggan simulacrum (IceCv)
  4 polar bear simulacra (IceCv)
  A troll simulacrum (IceCv)
  4 wolf simulacra (IceCv)
  4 adders
  10 gnolls
  2 naga simulacra (IceCv)
  2 river rats (Sewer)
  A white imp (IceCv)
  A dart slug (D:3)
  4 ribbon worms (Lair:3)
  27 orcs
  13 ball pythons
  2 bat skeletons (D:8)
  2 bat zombies (D:8)
  4 endoplasms
  4 giant cockroaches
  7 goblins
  5 hobgoblins
  A jackal (D:2)
  11 kobolds
  2 quokkas
  4 frilled lizards
  19 rats
443 creatures vanquished.

Vanquished Creatures (others)
  A wind drake (Shoals:1)
  A water elemental (Shoals:1)
  6 snaplasher vines
8 creatures vanquished.

Grand Total: 734 creatures vanquished

Notes
Turn   | Place    | Note
-------+----------+-------------------------------------------
     0 | D:1      | firemarshallily the Demonspawn Summoner began the quest for
                  | the Orb.
     0 | D:1      | Reached XP level 1. HP: 13/13 MP: 3/3
   102 | D:1      | Found a faded altar of an unknown god.
   336 | D:1      | Gained mutation: You sometimes gain a little power by
                  | taking damage. [demonic ancestry]
   336 | D:1      | Reached XP level 2. HP: 18/20 MP: 1/5
   884 | D:2      | Noticed Jessica
   892 | D:2      | Killed Jessica
   893 | D:2      | Reached skill level 1 in Fighting
   893 | D:2      | Reached XP level 3. HP: 19/26 MP: 4/7
   923 | D:2      | Learned a level 2 spell: Call Imp
   927 | D:2      | Learned a level 3 spell: Call Canine Familiar
  1249 | D:2      | Reached skill level 3 in Spellcasting
  1280 | D:1      | Gained mutation: You have sharp fingernails. [demonic
                  | ancestry]
  1280 | D:1      | Reached XP level 4. HP: 6/33 MP: 1/8
  1528 | D:2      | You fall into a shaft and drop 1 floor!
  2521 | D:3      | Gained mutation: You have very sharp fingernails. [demonic
                  | ancestry]
  2521 | D:3      | Reached XP level 5. HP: 38/38 MP: 0/10
  2782 | D:3      | Found an ornate altar of the Wu Jian Council.
  2811 | D:3      | Noticed Ijyb
  2818 | D:3      | Killed Ijyb
  3178 | D:3      | Found a runed translucent door.
  3184 | D:3      | Noticed Crazy Yiuf
  3203 | D:3      | Killed Crazy Yiuf
  3204 | D:3      | Reached skill level 4 in Spellcasting
  3364 | D:4      | Noticed Blork the orc
  3370 | D:4      | Killed Blork the orc
  3371 | D:4      | Reached skill level 1 in Polearms
  3371 | D:4      | Gained mutation: You may rarely emit foul miasma when
                  | damaged in melee. [demonic ancestry]
  3371 | D:4      | Reached XP level 6. HP: 39/46 MP: 5/12
  3449 | D:4      | Reached skill level 5 in Summonings
  3566 | D:4      | Noticed Robin
  3578 | D:4      | Killed Robin
  3609 | D:4      | Found Italy's Antique Weapon Shoppe.
  3640 | D:4      | Identified a scroll of acquirement
  3640 | D:4      | Acquired the ring of Xom's Best Wishes {rF++ rC+ Str+3}
  3719 | D:4      | Noticed an ice beast
  3720 | D:4      | Found a glowing drain.
  3746 | Sewer    | Entered a sewer
  4175 | Sewer    | Reached skill level 5 in Spellcasting
  4175 | Sewer    | Gained mutation: You have claws for hands. [demonic
                  | ancestry]
  4175 | Sewer    | Reached XP level 7. HP: 23/52 MP: 3/14
  4885 | D:5      | Entered Level 5 of the Dungeon
  5388 | D:5      | Reached XP level 8. HP: 60/60 MP: 6/16
  5535 | D:5      | Reached skill level 6 in Spellcasting
  5638 | D:5      | Found a sparkling altar of Nemelex Xobeh.
  5820 | D:5      | Found The Oracle's Delphic Readings.
  5826 | D:5      | Bought a scroll of identify for 22 gold pieces
  5826 | D:5      | Bought a scroll of revelation for 82 gold pieces
  5826 | D:5      | Bought a scroll of amnesia for 44 gold pieces
  5826 | D:5      | Bought a scroll of noise for 11 gold pieces
  5826 | D:5      | Bought a scroll of identify for 22 gold pieces
  5843 | D:5      | Got the Octavo of the Volatile Crevasse
  5848 | D:5      | Learned a level 1 spell: Necrotise
  5989 | D:5      | Found a bloodstained altar of Trog.
  6084 | D:6      | Reached skill level 1 in Necromancy
  6247 | D:6      | Found a sacrificial altar of Ru.
  6482 | D:6      | Found a snail-covered altar of Cheibriados.
  6544 | D:6      | Reached skill level 7 in Spellcasting
  6783 | D:6      | Reached skill level 5 in Fighting
  6948 | D:7      | Gained mutation: You are surrounded by a mild repulsion
                  | field. (EV +2) [demonic ancestry]
  6948 | D:7      | Reached XP level 9. HP: 64/68 MP: 14/19
  7282 | D:7      | Noticed Maurice
  7337 | D:7      | Something stole 221 gold
  7340 | D:7      | Something stole 6 javelins
  7341 | D:7      | Something stole a +2 spear of venom
  7343 | D:7      | Killed Maurice
  7827 | D:7      | Found a staircase to the Ecumenical Temple.
  7998 | Temple   | Entered the Ecumenical Temple
  8023 | Temple   | Became a worshipper of Sif Muna the Loreminder
  8202 | D:8      | Noticed a troll
  8280 | D:8      | Killed a troll
  8281 | D:8      | Reached skill level 8 in Spellcasting
  8421 | D:8      | Found a stormy altar of Qazlal.
  8422 | D:8      | Found a burning altar of Makhleb.
  8462 | D:8      | Noticed a two-headed ogre
  8594 | D:8      | Noticed a komodo dragon
  8604 | D:8      | Killed a komodo dragon
  8605 | D:8      | Reached skill level 5 in Polearms
  8673 | D:8      | Noticed a komodo dragon
  8680 | D:8      | Killed a komodo dragon
  8710 | D:8      | Noticed a komodo dragon
  8734 | D:8      | Killed a komodo dragon
  8735 | D:8      | Gained mutation: You sometimes gain power by taking damage.
                  | [demonic ancestry]
  8735 | D:8      | Reached XP level 10. HP: 40/77 MP: 22/22
  9107 | D:8      | Learned a level 4 spell: Summon Lightning Spire
  9147 | D:8      | Found an ancient bone altar of Kikubaaqudgha.
  9250 | D:8      | Killed a two-headed ogre
  9251 | D:8      | Reached skill level 9 in Spellcasting
  9454 | D:8      | Reached * piety under Sif Muna
 10043 | D:8      | Found a staircase to the Lair.
 10362 | D:9      | Reached skill level 10 in Spellcasting
 10542 | D:9      | Noticed a two-headed ogre
 10553 | D:9      | Killed a two-headed ogre
 10592 | D:9      | Noticed Gastronok
 10609 | D:9      | Killed Gastronok
 10610 | D:9      | Gained mutation: You are surrounded by a moderate repulsion
                  | field. (EV +3) [demonic ancestry]
 10610 | D:9      | Reached XP level 11. HP: 36/85 MP: 20/25
 10814 | D:9      | Reached ** piety under Sif Muna
 10907 | D:9      | Identified the blade talisman "Cetroof" {rPois rF+ Int-3
                  | Stlth+}
 11124 | D:9      | Found a staircase to the Orcish Mines.
 11608 | D:10     | Entered Level 10 of the Dungeon
 11608 | D:10     | Found Kiomeise's Tiny Tomes.
 11620 | D:10     | Learned a level 4 spell: Summon Blazeheart Golem
 11631 | D:10     | Bought Humebbio's Handbook of Curses for 168 gold pieces
 11631 | D:10     | Bought the Anthology of Movement for 168 gold pieces
 11637 | D:10     | Learned a level 5 spell: Summon Forest
 11643 | D:10     | Learned a level 5 spell: Summon Mana Viper
 11650 | D:10     | Noticed Urug
 11662 | D:10     | Killed Urug
 11722 | D:10     | Identified the +4 ring mail of Fely {Dex+2}
 11764 | D:10     | Reached skill level 11 in Spellcasting
 12010 | D:10     | Found a shadowy altar of Dithmenos.
 12039 | D:10     | Reached *** piety under Sif Muna
 12494 | D:10     | Found an iron altar of Okawaru.
 12676 | D:10     | Found Guyh's Armour Boutique.
 13097 | D:11     | Reached skill level 1 in Invocations
 13183 | D:11     | Paralysed by a hornet for 2 turns
 14233 | D:12     | Reached XP level 12. HP: 68/94 MP: 18/27
 14374 | D:12     | Identified the +0 ring mail "Laribb" {+Blink rF+}
 14454 | D:12     | Identified the +9 dagger of Xifabo {holy, *Noise rC++
                  | Will++}
 14609 | D:12     | Reached skill level 10 in Summonings
 14733 | D:12     | Reached skill level 12 in Spellcasting
 15128 | D:10     | Bought the Elucidation of the Entourage for 224 gold pieces
 15217 | Lair:1   | Entered Level 1 of the Lair of Beasts
 15252 | Lair:1   | Noticed a boulder beetle
 15276 | Lair:1   | Killed a boulder beetle
 15281 | Lair:1   | Found a hide-covered altar of Uskayaw.
 15281 | Lair:1   | Found an ornate altar of the Wu Jian Council.
 15346 | Lair:1   | Found a gate leading to a gauntlet.
 15361 | Gauntlet | Entered a Gauntlet
 15361 | Gauntlet | Found a large runed translucent door.
 15361 | Gauntlet | Found a large runed translucent door.
 15361 | Gauntlet | Found a large runed translucent door.
 15361 | Gauntlet | Found a large runed translucent door.
 15361 | Gauntlet | Found a large runed translucent door.
 15361 | Gauntlet | Found a large runed translucent door.
 15361 | Gauntlet | Found a runed translucent door.
 15361 | Gauntlet | Found a transporter.
 15361 | Gauntlet | Found a runed translucent door.
 15361 | Gauntlet | Found a large runed translucent door.
 15361 | Gauntlet | Found a large runed translucent door.
 15361 | Gauntlet | Found a large runed translucent door.
 15361 | Gauntlet | Found a large runed translucent door.
 15361 | Gauntlet | Found a large runed translucent door.
 15361 | Gauntlet | Found a large runed translucent door.
 15362 | Gauntlet | Found a large runed translucent door.
 15362 | Gauntlet | Found a large runed translucent door.
 15362 | Gauntlet | Found a large runed translucent door.
 15362 | Gauntlet | Noticed a dire elephant
 15363 | Gauntlet | Found a runed translucent gate.
 15364 | Gauntlet | Found a runed translucent gate.
 15364 | Gauntlet | Found a runed translucent gate.
 15364 | Gauntlet | Found a transporter.
 15364 | Gauntlet | Found a runed translucent gate.
 15364 | Gauntlet | Found a runed translucent gate.
 15365 | Gauntlet | Found a transporter.
 15366 | Gauntlet | Found a transporter.
 15368 | Gauntlet | Noticed a catoblepas
 15369 | Gauntlet | Found a transporter.
 15370 | Gauntlet | Found a transporter.
 15374 | Gauntlet | Found a runed translucent door.
 15375 | Gauntlet | Found a runed translucent door.
 15377 | Gauntlet | Found a large runed translucent door.
 15378 | Gauntlet | Noticed a great orb of eyes
 15381 | Gauntlet | Found a transporter.
 15382 | Gauntlet | Noticed a ghost crab
 15396 | Gauntlet | Noticed an eight-headed hydra
 15400 | Gauntlet | Found a transporter.
 15402 | Gauntlet | Found a transporter.
 15406 | Gauntlet | Found a transporter.
 15414 | Gauntlet | Found a transporter.
 15515 | Gauntlet | Found a transporter.
 15525 | Gauntlet | Found a runed translucent gate.
 15604 | Gauntlet | Identified the ring of Vumum {Fly rElec rCorr Int+6 Stlth-}
 15687 | Gauntlet | Identified the ring of the Jackalope {Fly rF+ Str-5 Dex+5}
 15724 | Gauntlet | Killed a ghost crab
 15724 | Gauntlet | Reached **** piety under Sif Muna
 15832 | Gauntlet | Noticed a minotaur
 16484 | Lair:1   | Found a transporter.
 16493 | Lair:1   | Noticed brilapsti's ghost (journeyman TrFi)
 16496 | Lair:1   | Found a bloodstained altar of Trog.
 16510 | Lair:1   | Found a transporter.
 17949 | Lair:2   | Noticed a six-headed hydra
 17959 | Lair:2   | Killed an eight-headed hydra
 18525 | Lair:3   | Reached XP level 13. HP: 102/102 MP: 14/29
 18640 | Lair:3   | Noticed Josephine
 18645 | Lair:3   | Killed Josephine
 18872 | Lair:3   | Found a staircase to the Shoals.
 18956 | Lair:3   | Reached skill level 13 in Spellcasting
 19260 | Lair:3   | Reached skill level 10 in Fighting
 19394 | Lair:3   | Found a hole to the Spider Nest.
 21481 | Lair:5   | Entered Level 5 of the Lair of Beasts
 21692 | Lair:5   | Found a staircase to the Slime Pits.
 21711 | Lair:5   | Reached ***** piety under Sif Muna
 21716 | Lair:5   | Received a gift from Sif Muna
 21719 | Lair:5   | Got Sif Muna's Lessons on Dislocated Transmutation {god
                  | gift}
 21801 | Lair:5   | Learned a level 3 spell: Summon Ice Beast
 21809 | Lair:5   | Learned a level 7 spell: Monstrous Menagerie
 21955 | Lair:5   | Reached skill level 14 in Spellcasting
 22049 | Lair:5   | Gained mutation: You are surrounded by a strong repulsion
                  | field. (EV +4, RMsl) [demonic ancestry]
 22049 | Lair:5   | Reached XP level 14. HP: 102/111 MP: 18/32
 23554 | Lair:5   | Found the amulet of Vitality {RegenMP++ Regen++}
 23591 | Lair:5   | Identified the ring "Ighith" {rF++ rC- MP+9 Str+2 Int+3}
 24355 | Orc:1    | Entered Level 1 of the Orcish Mines
 24834 | Orc:2    | Entered Level 2 of the Orcish Mines
 24917 | Orc:2    | Found a staircase to the Elven Halls.
 25047 | Orc:2    | Reached skill level 10 in Polearms
 25458 | Orc:2    | Received a gift from Sif Muna
 25460 | Orc:2    | Reached skill level 15 in Spellcasting
 25463 | Orc:2    | Got Sif Muna's Tome of Correspondence and Arcane Weapons
                  | {god gift}
 25484 | Orc:2    | Found Vociockiel's Antique Armour Emporium.
 25484 | Orc:2    | Found Qaeggysu's Book Boutique.
 25485 | Orc:2    | Found Korell's General Store.
 25485 | Orc:2    | Found Wops's Antique Weapon Shoppe.
 25592 | Orc:2    | Bought a book of the Wilderness for 570 gold pieces
 25593 | Orc:2    | Bought a potion of might for 64 gold pieces
 25593 | Orc:2    | Bought a potion of brilliance for 64 gold pieces
 25593 | Orc:2    | Bought a scroll of teleportation for 48 gold pieces
 25603 | Orc:2    | Learned a level 6 spell: Summon Cactus Giant
 25881 | D:13     | Found a frozen archway.
 25893 | D:13     | Reached XP level 15. HP: 105/119 MP: 27/34
 25901 | IceCv    | Entered an ice cave
 26225 | IceCv    | Found an ancient bone altar of Kikubaaqudgha.
 26350 | IceCv    | Received a gift from Sif Muna
 26832 | D:13     | Reached skill level 15 in Summonings
 27880 | D:14     | Found a runed translucent gate.
 27880 | D:14     | Found a runed translucent gate.
 27880 | D:14     | Found a runed translucent gate.
 27883 | D:14     | Noticed Pios Xaciraj's ghost (journeyman DgHW)
 27885 | D:14     | Noticed a fire giant
 28058 | D:14     | Reached skill level 16 in Spellcasting
 28276 | D:14     | Found a gate to the Vaults.
 28288 | D:14     | Received a gift from Sif Muna
 28376 | D:14     | Found an iron altar of Okawaru.
 28560 | Lair:1   | Upgraded the game from 0.31.0-11-ge490571c62 to
                  | 0.31.0-12-g77e489cdc1
 28617 | Shoals:1 | Entered Level 1 of the Shoals
 28617 | Shoals:1 | Found Wuextoyb's Assorted Antiques.
 28630 | Shoals:1 | Bought a potion of resistance for 290 gold pieces
 28721 | Shoals:1 | Found a runed translucent door.
 28722 | Shoals:1 | Found a shimmering altar of Xom.
 28722 | Shoals:1 | Noticed sasquatch's ghost (adept FoFi)
 28852 | Shoals:1 | Killed from afar by a water nymph

Illustrated notes

Levels and vault maps discovered:
D:1:      dpeg_arrival_shelter, layout_loops_ring, shapermc_ecumenical_altar_gd,
          serial_forest, infiniplex_forest_straight_4,
          infiniplex_forest_straight_3, infiniplex_forest_end_2,
          infiniplex_forest_clump_long, infiniplex_forest_straight_1,
          infiniplex_forest_straight_2, infiniplex_forest_lined_ring,
          infiniplex_forest_end_1, chequers_jeans
D:2:      layout_basic, minmay_shallow_snake_nest, uniq_jessica
D:3:      layout_basic, old_standard_altar, uniq_ijyb, uniq_crazy_yiuf_cottage
D:4:      layout_loops_cross, gup_sewer_entry_glass, serial_shops,
          nicolae_shop_stone, uniq_robin, uniq_blork_the_orc
D:5:      layout_basic, kennysheep_mini, jmf_multi_god_temple2,
          nicolae_nh_oracle_at_delphi
D:6:      layout_rooms, nicolae_ru_awakened_eye, old_standard_altar
D:7:      layout_loops_ring, minmay_temple_entry_poolview, uniq_maurice
D:8:      layout_basic, kennysheep_vampire_church,
          chequers_temple_overflow_statue_of_worship, erik_lair_dragon
D:9:      layout_basic, kennysheep_orc_monster_closet_entryway, serial_curves,
          eino_curves_01, eino_curves_01, uniq_gastronok
D:10:     layout_irregular_city, mainiacjoe_overflow_cross_hatched,
          nicolae_dithmenos_shadow_blocks, serial_shops,
          nicolae_inconvenience_store, nicolae_shop_i_like_small_books_too,
          minmay_alternating_orb, uniq_urug
D:11:     layout_loops_ring
D:12:     layout_irregular_city
D:13:     minmay_opposing_rooms, layout_irregular_city, portal_ice_cave_rime,
          serial_bayou_lake_a
D:14:     layout_roguey [special_room_bee], hellmonk_vaults_attempted_burglary,
          amcnicky_mini_pool_small, gammafunk_ghost_fury_of_okawaru
Temple:   cyrus_temple_forest
Lair:1:   layout_gridlike, serial_rivers, chequers_serial_rivers_micro_b,
          chequers_serial_rivers_room_a, chequers_serial_rivers_micro_d,
          chequers_serial_rivers_small_3, chequers_serial_rivers_micro_c,
          chequers_serial_rivers_room_b, gammafunk_ghost_wrathful_warriors,
          gauntlet_entry_generic, nzn_masters_of_martial_movement
Lair:2:   layout_roguey, minivault_19
Lair:3:   layout_cave_shapes, elwin_shoals_entry_rocks,
          nicolae_spider_entry_non_spiders, uniq_josephine
Lair:4:   layout_regular_city, lemuel_fruit_tree, grunt_megastairs_3,
          serial_bayou_shore_b
Lair:5:   minmay_lair_end_frog_pond, layout_long_grid,
          nicolae_slime_entry_slimehenge
Shoals:1: layout_shoals, ebering_ghost_xom, serial_shops,
          nicolae_shop_tiny_waterfront, nicolae_shoals_c_island
Orc:1:    layout_diamond_mine
Orc:2:    st_orc_ogre_mass, layout_diamond_mine

Skill      XL: |  1  2  3  4  5  6  7  8  9 10 11 12 13 14 15 |
---------------+----------------------------------------------+-----
Fighting       | 1 2 3 4 5 6 7 8 9 10 11 12 | 12.4
Spellcasting   | 3 4 5 7 8 10 11 12 14 15 16 | 16.2
Polearms       | 1 2 3 4 5 6 7 8 9 10 | 10.3
Summonings     | 5 6 7 8 9 11 12 14 15 | 15.7
Necromancy     | 1 3 |  3.0
Invocations    | 2 4 |  4.0
Dodging        | |  1.7
Stealth        | |  1.7

Action                     |  1- 3 |  4- 6 |  7- 9 | 10-12 | 13-15 || total
---------------------------+-------+-------+-------+-------+-------++-------
  Melee: Short sword       |    19 |       |       |       |       ||    19
         Unarmed           |     4 |       |       |       |       ||     4
         Spear             |    19 |    30 |       |       |       ||    49
         Halberd           |       |   112 |   151 |   451 |   499 ||  1213
  Throw: Dart              |       |       |     1 |       |     2 ||     3
   Cast: Summon Small Mamm |    30 |    52 |    63 |   118 |    78 ||   341
         Call Imp          |     4 |    33 |    46 |    85 |    79 ||   247
         Call Canine Famil |       |    17 |    28 |    61 |    74 ||   180
         Necrotise         |       |       |     7 |       |       ||     7
         Summon Lightning  |       |       |       |    31 |    64 ||    95
         Summon Mana Viper |       |       |       |     6 |    37 ||    43
         Summon Forest     |       |       |       |     1 |     8 ||     9
         Summon Blazeheart |       |       |       |     1 |     1 ||     2
         Summon Ice Beast  |       |       |       |       |    59 ||    59
         Monstrous Menager |       |       |       |       |    26 ||    26
         Summon Cactus Gia |       |       |       |       |    26 ||    26
 Invoke: Channel Magic     |       |       |       |       |     1 ||     1
  Evoke: Wand              |       |       |       |       |     5 ||     5
    Use: Potion            |     3 |     2 |       |     8 |     3 ||    16
         Scroll            |       |    15 |     7 |    16 |     7 ||    45
   Stab: Distracted        |       |     1 |     4 |    12 |    15 ||    32
         Sleeping          |       |     2 |     1 |     2 |       ||     5
         Invisible         |       |       |       |     1 |       ||     1
 Armour: Robe              |    35 |   121 |   137 |   341 |   393 ||  1027
  Dodge: Dodged            |    26 |   131 |   119 |   371 |   414 ||  1061
         Repelled          |       |       |       |       |     5 ||     5
